 Dungeon Crawl Stone Soup version 0.31-a0-37-g98a128e1d9 (webtiles) character file.

Game seed: 7837113843828396459

2334 pk666 the Thaumaturge (level 9, -3/45 HPs)
             Began as a Deep Elf Fire Elementalist on May 15, 2023.
             Was a Follower of Vehumet.
             Slain by a killer bee (4 damage)
             ... on level 6 of the Dungeon.
             The game lasted 00:18:32 (7167 turns).

pk666 the Thaumaturge (Deep Elf Fire Elementalist)  Turns: 7167, Time: 00:18:33

Health: -3/45      AC:  3    Str:  5    XL:     9   Next: 19%
Magic:  16/23      EV: 15    Int: 25    God:    Vehumet [*.....]
Gold:   303        SH:  0    Dex: 15    Spells: 18/24 levels left

rFire   . . .        G - +2 trident of Doors {protect, rC+ rN+}
rCold   + . .        (no shield)
rNeg    + . .        a - +0 robe
rPois   .            (no helmet)
rElec   .            e - +0 cloak
rCorr   .            (no gloves)
SInv    .            (no boots)
Will    .....        y - amulet of regeneration
Stlth   ++           (no ring)
HPRegen 1.07/turn    (no ring)
MPRegen 0.18/turn

%: no passive effects
@: no status effects
A: no striking features
a: Renounce Religion


You were on level 6 of the Dungeon.
You worshipped Vehumet.
Vehumet was aware of your devotion.
You visited 2 branches of the dungeon, and saw 7 of its levels.

You collected 303 gold pieces.

Inventory:

Hand Weapons
 d - a +0 dagger of venom
 G - the +2 trident of Doors (weapon) {protect, rC+ rN+}
   (You found it on level 4 of the Dungeon)

   rC:        It protects you from cold.
   rN:        It protects you from negative energy.
Armour
 a - a +0 robe (worn)
 e - a +0 cloak (worn)
Jewellery
 y - an amulet of regeneration (around neck)
 H - an amulet of faith
 L - a ring of ice
Wands
 r - a wand of flame (15)
 z - a wand of polymorph (2)
 C - a wand of paralysis (13)
 D - a wand of digging (3)
Scrolls
 c - a scroll of immolation {unknown}
 f - 2 scrolls of enchant weapon {unknown}
 g - 4 scrolls of teleportation
 h - 5 scrolls of identify
 k - a scroll of vulnerability {unknown}
 l - 4 scrolls of summoning
 p - 5 scrolls of silence
 v - a scroll of poison {unknown}
 w - 2 scrolls of magic mapping {unknown}
 x - 2 scrolls of noise {unknown}
 I - 2 scrolls of amnesia {unknown}
 M - a scroll of fear {unknown}
Potions
 b - a potion of magic
 i - 2 potions of cancellation
 j - 3 potions of invisibility
 m - a potion of berserk rage {unknown}
 n - a potion of might {unknown}
 o - 5 potions of curing
 q - 2 potions of attraction {unknown}
 s - a potion of flight {unknown}
 u - a potion of lignification {unknown}
 A - a potion of ambrosia {unknown}
 B - a potion of mutation {unknown}
 E - 2 potions of haste {unknown}
 F - a potion of resistance {unknown}
 J - a potion of degeneration {unknown}
 K - a potion of brilliance {unknown}


   Skills:
 + Level 7.5 Dodging
 - Level 2.4 Stealth
 + Level 8.3 Spellcasting
 + Level 6.4 Conjurations
 * Level 3.7 Necromancy
 + Level 7.3 Fire Magic


You had 18 spell levels left.
You knew the following spells:

 Your Spells              Type           Power      Damage    Failure   Level
a - Foxfire               Conj/Fire      100%       2x1d9     1%          1
b - Scorch                Fire           92%        2d8       1%          2
c - Vampiric Draining     Necr           29%        2d8       3%          3

Your spell library contained the following spells:

 Spells                   Type           Power      Damage    Failure   Level
 Shock                    Conj/Air       100%       1d9       1%          1
 Necrotise                Necr           100%       1d9       1%          1
 Flame Wave               Conj/Fire      44%        2d11      3%          4
 Inner Flame              Hex/Fire       28%        N/A       4%          3
 Volatile Blastmotes      Fire/Tloc      56%        2d14      4%          3
 Anguish                  Hex/Necr       9%         N/A       26%         4
 Agony                    Necr           29%        N/A       34%         5
 Ice Form                 Ice/Tmut       10%        N/A       52%         4
 Conjure Ball Lightning   Conj/Air       13%        3x3d6     94%         6
 Discord                  Hex            5%         N/A       100%        8
 Disjunction              Tloc           5%         N/A       100%        8


Dungeon Overview and Level Annotations

Branches:
Dungeon (6/15)             Temple (1/1) D:4

Altars:
Ashenzari
Dithmenos
Elyvilon
Fedhas
Gozag
Hepliaklqana
Makhleb
Nemelex Xobeh
Okawaru
Qazlal
Ru
Sif Muna
Trog
Vehumet
Wu Jian
Yredelemnul
Zin
The Shining One

Shops:
D:2 *   D:4 =


Message History

The killer bee barely misses you.
You feel much better.
You feel very sick. The killer bee closely misses you.
The killer bee stings you. The killer bee barely misses you.
The killer bee stings you. The killer bee barely misses you.
The killer bee stings you!
* * * LOW HITPOINT WARNING * * *
You feel better. The killer bee stings you.
* * * LOW HITPOINT WARNING * * *
You are poisoned.
The killer bee poisons you!
The killer bee stings you but does no damage.
The killer bee misses you. The killer bee closely misses you.
The killer bee barely misses you.
The killer bee stings you but does no damage.
You feel much better.
You feel very sick. The killer bee stings you.
You are more poisoned.
The killer bee poisons you! The killer bee stings you!
The killer bee closely misses you. The killer bee misses you.
The killer bee stings you. The killer bee stings you!
* * * LOW HITPOINT WARNING * * *
You feel better. The killer bee closely misses you. The killer bee stings you.
The killer bee closely misses you. The killer bee barely misses you.
The killer bee stings you!
* * * LOW HITPOINT WARNING * * *
The killer bee closely misses you.
Casting: Vampiric Draining (dangerous; 3% risk of failure)
Confirm with . or Enter, or press ? or * to list all spells.
Aiming: Vampiric Draining (dangerous; 3% risk of failure)
Press: ? - help, Shift-Dir - straight line, f/p - killer bee
Aim: a killer bee (lightly wounded)
You draw life force from the killer bee!
You feel life coursing into your body. The killer bee stings you!
* * * LOW HITPOINT WARNING * * *
The killer bee stings you.
* * * LOW HITPOINT WARNING * * *
The killer bee misses you. The killer bee stings you.
You die...

#.# #....†<# #.#
#.....## ###########.#
#.....# #........##.#
#.....#
#...###.##....#######.##
# #...####.........
##.## #########. ##...##
.. #..y@.# ##.yy##
#..... #..†.†..
.......... ............
.............
#.#.......#.##


You could see 3 killer bees.

Vanquished Creatures
  Pikel (D:3)
  Grinder (D:3)
  3 yaks
  Edmund (D:5)
  A black bear (D:6)
  A lemure (D:4)
  A bullfrog (D:6)
  2 scorpions
  A killer bee (D:6)
  2 howler monkeys
  5 hounds
  A jelly (D:4)
  2 orc priests (D:5)
  2 iguanas
  A sleepcap (D:3)
  4 orc wizards
  Ijyb (D:3)
  Natasha (thrice) (D:4)
  10 adders
  A worm (D:3)
  3 dart slugs
  28 orcs
  10 ball pythons
  8 endoplasms
  3 giant cockroaches
  5 goblins
  5 hobgoblins
  2 jackals (D:4)
  11 kobolds
  6 quokkas
  6 bats
  5 frilled lizards
  5 rats
141 creatures vanquished.

Vanquished Creatures (others)
  459 foxfires
459 creatures vanquished.

Grand Total: 600 creatures vanquished

Notes
Turn   | Place    | Note
-------+----------+-------------------------------------------
     0 | D:1      | pk666 the Deep Elf Fire Elementalist began the quest for
                  | the Orb.
     0 | D:1      | Reached XP level 1. HP: 10/10 MP: 6/6
   328 | D:1      | Reached XP level 2. HP: 15/15 MP: 6/8
   660 | D:1      | Learned a level 2 spell: Scorch
  1045 | D:1      | Reached XP level 3. HP: 19/19 MP: 7/10
  1365 | D:2      | Found Bust's Assorted Antiques.
  1661 | D:2      | Found a faded altar of an unknown god.
  2372 | D:3      | Reached XP level 4. HP: 17/24 MP: 7/11
  2448 | D:3      | Found a basalt altar of Yredelemnul.
  2550 | D:3      | Noticed Grinder
  2602 | D:3      | Killed Grinder
  2603 | D:3      | Reached skill level 4 in Spellcasting
  2603 | D:3      | Reached XP level 5. HP: 21/28 MP: 2/14
  2603 | D:3      | Reached XP level 6. HP: 24/32 MP: 2/15
  2853 | D:3      | Noticed Ijyb
  2870 | D:3      | Killed Ijyb
  2871 | D:3      | Reached skill level 5 in Spellcasting
  3507 | D:4      | Reached skill level 5 in Fire Magic
  3674 | D:4      | Noticed Pikel
  3709 | D:3      | Killed Pikel
  3710 | D:3      | Reached skill level 5 in Dodging
  3710 | D:3      | Reached skill level 6 in Spellcasting
  3710 | D:3      | Reached XP level 7. HP: 9/36 MP: 1/18
  4066 | D:4      | Found a staircase to the Ecumenical Temple.
  4081 | Temple   | Entered the Ecumenical Temple
  4149 | Temple   | Became a worshipper of Vehumet
  4516 | D:4      | Found Genicvon's Jewellery Boutique.
  4543 | D:4      | Identified the +2 trident of Doors {protect, rC+ rN+}
  4768 | D:4      | Noticed Natasha
  4769 | D:4      | Reached skill level 5 in Conjurations
  4779 | D:4      | Killed Natasha
  4780 | D:4      | Reached XP level 8. HP: 28/41 MP: 5/20
  5063 | D:4      | Noticed Natasha
  5069 | D:4      | Killed Natasha
  5445 | D:4      | Noticed Natasha
  5451 | D:4      | Killed Natasha
  5469 | D:4      | Identified 2 scrolls of acquirement
  5471 | D:4      | Acquired the Precepts of the Vile Switch
  5473 | D:4      | Acquired a book of Chaos
  5490 | D:5      | Entered Level 5 of the Dungeon
  5548 | D:5      | Reached skill level 7 in Spellcasting
  5570 | D:5      | Noticed Edmund
  5587 | D:5      | Killed Edmund
  6021 | D:5      | Found an ornate altar of the Wu Jian Council.
  6058 | D:5      | Found a glowing golden altar of the Shining One.
  6058 | D:5      | Found a blossoming altar of Fedhas.
  6151 | D:5      | Found a broken altar of Ashenzari.
  6462 | D:5      | Reached skill level 1 in Necromancy
  6616 | D:6      | Found a burning altar of Makhleb.
  6655 | D:6      | Learned a level 3 spell: Vampiric Draining
  6730 | D:6      | Reached skill level 8 in Spellcasting
  6730 | D:6      | Reached XP level 9. HP: 45/45 MP: 16/23
  7014 | D:6      | Reached * piety under Vehumet
  7014 | D:6      | Offered knowledge of Shock by Vehumet.
  7167 | D:6      | HP: 1/45 [killer bee (2)]
  7167 | D:6      | Slain by a killer bee

Illustrated notes

Levels and vault maps discovered:
D:1:      dpeg_arrival_pond, layout_basic
D:2:      layout_basic, serial_shops, shop_fountains,
          shapermc_ecumenical_altar_mp_ritualfount, grunt_decor_one_mirror,
          st_stairs_12, minmay_cupped
D:3:      layout_rooms, mainiacjoe_overflow_alcove_1, uniq_ijyb, uniq_grinder
D:4:      layout_basic, minmay_temple_entry_tees, serial_shops,
          nicolae_shop_statue_plus, uniq_natasha, uniq_pikel
D:5:      layout_cave_pools, nicolae_ashenzari_skybound,
          pdpol_wu_jian_five_deadly_venoms, gammafunk_temple_overflow_wave,
          grunt_ministairs_10, hangedman_abyss_or_decor_lesser_grid,
          glass_columns_a, uniq_edmund
D:6:      layout_basic, doesnt_xom_only_xom, mainiacjoe_overflow_catwalk,
          nicolae_figureground_sparkle
Temple:   minmay_temple_forest_path

Skill      XL: |  1  2  3  4  5  6  7  8  9 |
---------------+----------------------------+-----
Dodging        | 3 4 5 6 7 |  7.5
Conjurations   | 2 3 4 5 6 |  6.4
Fire Magic     | 4 5 6 7 |  7.3
Spellcasting   | 4 6 8 |  8.3
Necromancy     | 2 3 |  3.7
Stealth        | |  2.4

Action                     |  1- 3 |  4- 6 |  7- 9 || total
---------------------------+-------+-------+-------++-------
  Melee: Dagger            |       |     3 |     2 ||     5
   Cast: Foxfire           |   104 |    71 |    99 ||   274
         Scorch            |       |    27 |    52 ||    79
         Vampiric Draining |       |       |     6 ||     6
  Evoke: Wand              |       |     5 |     3 ||     8
    Use: Scroll            |       |       |     9 ||     9
         Potion            |       |       |     4 ||     4
 Armour: Robe              |     9 |     5 |     5 ||    19
         Skin              |       |     7 |       ||     7
  Dodge: Dodged            |    14 |    37 |    31 ||    82

Table legend: (Time is in decaauts)
 A = Elapsed time spent in this place.
 B = Non-inter-level travel time spent in this place.
 C = Inter-level travel time spent in this place.
 D = Time resting spent in this place.
 E = Time spent auto-exploring this place.
 F = Levels seen in this place.
 G = Mean time per level.
                   A        B        C        D        E       F      G
               +--------+--------+--------+--------+--------+-----+--------+
         Total |   7168 |   6973 |    195 |   1555 |   4332 |   7 | 1024.0 |
       Dungeon |   6744 |   6572 |    172 |   1555 |   3952 |   6 | 1124.0 |
        Temple |    423 |    400 |     23 |      0 |    380 |   1 |  423.0 |
               +--------+--------+--------+--------+--------+-----+--------+

Top non-repeatable levels by time:
     D:4: 1545 daAuts
     D:1: 1324 daAuts
     D:3: 1266 daAuts
     D:2: 1039 daAuts
     D:5: 866 daAuts
     D:6: 702 daAuts
  Temple: 423 daAuts
